 Dungeon Crawl Stone Soup version 0.30-a0-371-gad7725a93e (webtiles) character file.

Game seed: 5725927794715853560

337 Iich the Chopper (level 6, 0/53 HPs)
             Began as a Minotaur Berserker on Nov 21, 2022.
             Was a Priest of Trog.
             Killed by nerve-wracking pain
             ... invoked by an orc priest
              (13 damage)
             ... on level 4 of the Dungeon.
             The game lasted 00:06:57 (3905 turns).

Iich the Chopper (Minotaur Berserker)               Turns: 3905, Time: 00:06:57

Health: 0/53       AC:  9    Str: 24    XL:     6   Next: 28%
Magic:  5/5        EV:  9    Int:  4    God:    Trog [***...]
Gold:   201        SH:  0    Dex:  9    Spells: 5/5 levels left

rFire   . . .      SeeInvis .    a - +0 hand axe
rCold   . . .      Faith    .    (no shield)
rNeg    . . .      Spirit   .    q - +0 chain mail
rPois   .          Reflect  .    (helmet restricted)
rElec   .          Harm     .    (no cloak)
rCorr   .          Rampage  .    (no gloves)
Will    .....                    (no boots)
Stlth   ..........               (no amulet)
HPRegen 0.28/turn                (no ring)
MPRegen 0.09/turn                (no ring)

@: no status effects
A: horns 2, retaliatory headbutt
a: Renounce Religion, Berserk, Trog's Hand


You were on level 4 of the Dungeon.
You worshipped Trog.
Trog was most pleased with you.
You visited 1 branch of the dungeon, and saw 4 of its levels.

You collected 201 gold pieces.

Inventory:

Hand Weapons
 a - a +0 hand axe (weapon)
Armour
 b - a +0 animal skin
 c - a +0 plate armour
 k - a +0 ring mail
 p - a +0 cloak
 q - a +0 chain mail (worn)
Wands
 o - a wand of roots (11)
 w - a wand of mindburst (23)
Scrolls
 e - 3 scrolls of immolation
 f - a scroll of enchant weapon
 i - a scroll of magic mapping
 l - 2 scrolls of blinking
 m - 2 scrolls of amnesia
 n - a scroll of fear
 s - a scroll of poison
 t - a scroll of fog
 u - 2 scrolls of vulnerability
 v - a scroll of teleportation
 x - a scroll of identify
Potions
 d - a potion of heal wounds
 g - a potion of flight
 h - a potion of degeneration
 j - a potion of curing {unknown}
 r - a potion of resistance {unknown}
 z - a potion of magic {unknown}


   Skills:
 + Level 4.7 Fighting
 * Level 6.8 Axes
 + Level 3.8 Armour
 + Level 3.0 Dodging
 + Level 0.5 Stealth


You had 5 spell levels left.
You didn't know any spells.
Your spell library was empty.

Dungeon Overview and Level Annotations

Branches:
Dungeon (4/15)             Temple (0/1) D:4

Altars:
Ru
Trog


Innate Abilities, Weirdness & Mutations

You have a pair of horns on your head.
You reflexively headbutt those who attack you in melee.


Message History

You closely miss the orc wizard. You hit the orc.
The orc is heavily wounded.
You hit the orc wizard. The orc wizard casts a spell at you.
The magic dart hits you. The orc hits you but does no damage.
You slash the orc!
You kill the orc!
Trog accepts your kill.
You barely miss the orc wizard.
The orc wizard hits you but does no damage.
You barely miss the orc priest.
You headbutt the orc priest, but do no damage.
You hit the orc wizard. The orc priest hits you with a +0 mace.
The orc wizard gestures wildly while chanting.
The orc wizard flickers and vanishes!
Deactivating autopickup; reactivate with Ctrl-A.
You barely miss the orc priest. You hit something but do no damage.
The orc priest invokes the aid of Beogh against you.
You barely resist. Something hits you but does no damage.
You hit the orc priest but do no damage.
You miss something. The orc priest completely misses you.
You hear some strange, mumbled words.
A puff of flame appears from out of thin air!
The puff of flame hits you!
You hit the orc priest. You punch the orc priest.
The orc priest is heavily wounded.
You hit something. Trog accepts your kill.
Trog appreciates your killing of a magic user.
Reactivating autopickup.
You feel a bit more experienced.
The orc priest calls down the wrath of Beogh upon you.
Pain shoots through your body!
* * * LOW HITPOINT WARNING * * *
You closely miss the orc priest.
The orc priest is heavily wounded.
The orc priest mumbles some strange prayers to Beogh against you.
Pain shoots through your body!
You die...

#. ## #. . #.
# .# #. #.
..# #.#####.
#.#####..#
#.......
#........#
#.####..
#..o)...#
#.......
#@##..
..###### #
##.##.#
#.#...#[#
###.......##
..........).#
#####.....#)#
##...##.#
##.###.###.#
#.........#


You could see an orc priest.

Vanquished Creatures
  A necrophage (D:4)
  A scorpion (D:4)
  2 orc wizards (D:4)
  A gnoll (D:3)
  4 adders
  3 worms
  A dart slug (D:2)
  5 orcs
  14 ball pythons
  10 endoplasms
  8 giant cockroaches
  8 goblins
  8 hobgoblins
  10 kobolds
  5 quokkas
  7 bats
  2 frilled lizards (D:3)
  13 rats
103 creatures vanquished.

Notes
Turn   | Place    | Note
-------+----------+-------------------------------------------
     0 | D:1      | Iich the Minotaur Berserker began the quest for the Orb.
     0 | D:1      | Reached XP level 1. HP: 19/19 MP: 0/0
   166 | D:1      | Reached skill level 4 in Axes
   211 | D:1      | Reached XP level 2. HP: 27/27 MP: 1/1
  1042 | D:2      | Reached XP level 3. HP: 33/33 MP: 2/2
  1089 | D:2      | Reached ** piety under Trog
  1175 | D:2      | Found a faded altar of an unknown god.
  1813 | D:2      | Reached skill level 5 in Axes
  1813 | D:2      | Reached XP level 4. HP: 40/41 MP: 3/3
  1981 | D:3      | Found a bloodstained altar of Trog.
  2524 | D:3      | Reached *** piety under Trog
  3357 | D:4      | Noticed a scorpion
  3363 | D:4      | Killed a scorpion
  3364 | D:4      | Reached skill level 6 in Axes
  3364 | D:4      | Reached XP level 5. HP: 47/47 MP: 4/4
  3385 | D:4      | Found a sacrificial altar of Ru.
  3637 | D:4      | Reached XP level 6. HP: 50/53 MP: 5/5
  3678 | D:4      | Found a staircase to the Ecumenical Temple.
  3905 | D:4      | Killed from afar by an orc priest

Illustrated notes

Levels and vault maps discovered:
D:1:      onia_arrival_mini_spirals, layout_basic
D:2:      layout_loops_cross, shapermc_ecumenical_altar_mp_highgroup,
          minmay_stone_trees_medium
D:3:      minmay_chambers_of_threes, layout_loops_corners, trog_hazing_becter,
          portal_sewer_entry_b
D:4:      layout_loops_ring, kennysheep_little_box, minmay_temple_entry_tees

Skill      XL: |  1  2  3  4  5 |
---------------+----------------+-----
Axes           | 4 5 6 |  6.8
Fighting       | 4 |  4.7
Armour         | 3 |  3.8
Dodging        | 3 |  3.0
Stealth        | |  0.5

Action                   |  1- 3 |  4- 6 || total
-------------------------+-------+-------++-------
Melee: Hand axe          |    71 |   130 ||   201
       Headbutt          |     6 |    25 ||    31
       Punch             |       |     1 ||     1
  Use: Scroll            |       |    12 ||    12
       Potion            |       |     1 ||     1
Armor: Animal skin       |    19 |       ||    19
       Ring mail         |       |    28 ||    28
       Plate armour      |       |    14 ||    14
       Chain mail        |       |    11 ||    11
Dodge: Dodged            |    57 |    76 ||   133

Table legend: (Time is in decaauts)
 A = Elapsed time spent in this place.
 B = Non-inter-level travel time spent in this place.
 C = Inter-level travel time spent in this place.
 D = Time resting spent in this place.
 E = Time spent auto-exploring this place.
 F = Levels seen in this place.
 G = Mean time per level.
                   A        B        C        D        E       F      G
               +--------+--------+--------+--------+--------+-----+--------+
         Total |   3914 |   3798 |    116 |      0 |   2567 |   4 |  978.5 |
       Dungeon |   3914 |   3798 |    116 |      0 |   2567 |   4 |  978.5 |
               +--------+--------+--------+--------+--------+-----+--------+

Top non-repeatable levels by time:
     D:3: 1430 daAuts
     D:1: 1040 daAuts
     D:2: 867 daAuts
     D:4: 576 daAuts
